 Dungeon Crawl Stone Soup version 0.27.0-1-g7a089689b8 (webtiles) character file.

Game seed: 5383790704968932921

215 sanka the Magician (level 5, 0/25 HPs)
             Began as a Vine Stalker Hedge Wizard on Aug 1, 2021.
             Succumbed to a scorpion's poison
             ... on level 4 of the Dungeon.
             The game lasted 00:07:03 (4962 turns).

sanka the Magician (Vine Stalker Hedge Wizard)      Turns: 4962, Time: 00:07:03

Health: 0/25       AC:  4    Str: 12    XL:     5   Next: 92%
Magic:  0/12       EV: 12    Int: 20    God:
Gold:   180        SH:  0    Dex: 15    Spells: 6/12 levels left

rFire    . . .     SeeInvis .   l - +2 dagger (vamp)
rCold    . . .     Faith    .   (no shield)
rNeg     . . .     Spirit   +   b - +0 robe
rPois    .         Reflect  .   c - +0 hat
rElec    .         Harm     .   q - +0 cloak
rCorr    .         Rampage  .   e - +0 pair of gloves
Will     .....                  (no boots)
Stlth    ++........             (no amulet)
HPRegen  1.08/turn              (no ring)
MPRegen  0.13/turn              i - +6 ring of intelligence

@: lethally poisoned (0 -> -5)
A: fangs 2, regeneration 1, magic shield, antimagic bite, no potion heal 2
a: no special abilities


You were on level 4 of the Dungeon.
You visited 1 branch of the dungeon, and saw 4 of its levels.

You collected 180 gold pieces.


Innate Abilities, Weirdness & Mutations

You have extremely sharp teeth.
Your natural rate of healing is unusually fast.
When hurt, damage is shared between your health and your magic reserves.
Your bite disrupts and absorbs the magic of your enemies.
Potions cannot restore your health.


   Skills:
 - Level 1.3 Fighting
 - Level 2.2 Dodging
 - Level 2.4 Stealth
 - Level 4.4 Spellcasting
 - Level 1.0 Conjurations
 + Level 2.2 Hexes
 - Level 3.0 Summonings
 - Level 1.0 Translocations


You had 6 spell levels left.
You knew the following spells:

 Your Spells              Type           Power      Damage    Failure   Level
x - Call Imp              Summ           16%        N/A       5%          2
z - Magic Dart            Conj           32%        1d4       9%          1
Z - Confusing Touch       Hex            13%        N/A       16%         3

Your spell library contained the following spells:

 Spells                   Type           Power      Damage    Failure   Level
 Slow                     Hex            13%        N/A       8%          2
 Blink                    Tloc           N/A        N/A       12%         2
 Conjure Flame            Conj/Fire      6%         6-21      30%         3
 Mephitic Cloud           Conj/Pois/Air  5%         N/A       32%         3
 Yara's Violent Unravell  Hex/Tmut       4%         3d4       91%         5

Inventory:

Hand Weapons
 a - a +0 dagger
 l - a +2 vampiric dagger (weapon)
 r - a +4 quarterstaff of chaos
Armour
 b - a +0 robe (worn)
 c - a +0 hat (worn)
 e - a +0 pair of gloves (worn)
 q - a +0 cloak (worn)
Jewellery
 i - a +6 ring of intelligence (right hand)
Wands
 k - a wand of mindburst (18)
Scrolls
 f - 2 scrolls of teleportation {unknown}
 g - 2 scrolls of noise {unknown}
 h - a scroll of fog {unknown}
 m - a scroll of silence {unknown}
 o - 2 scrolls of amnesia {unknown}
 p - a scroll of enchant armour {unknown}
 s - a scroll of identify {unknown}
Potions
 d - a potion of ambrosia {unknown}
 j - 2 potions of lignification {unknown}
 n - 2 potions of curing {unknown}
 t - a potion of berserk rage {unknown}

Dungeon Overview and Level Annotations

Branches:
Dungeon (4/15)
 Temple: D:4-7

Altars:

Annotations:
D:3 2 transporters, sanka's ghost, weakling SpFE

.....▒.▒
▒...▒.......
.....▒.▒
▒...▒▒▒▒▒▒▒▒
.....▒.▒ ▒.▒▒▒
....▒▒.▒ ▒.▒
....▒▒.▒ ▒▒▒▒▒+▒▒▒.▒
▒▒▒▒▒▒.▒ ▒.......▒.▒
.....▒.▒
▒.......▒.▒▒▒▒▒▒▒▒▒▒
)....▒.▒
▒..................▒
.....▒.▒
▒s5f.........▒▒▒▒▒.▒
.▒▒.▒▒.▒
▒.5?.........+...▒.▒
.....▒5▒
▒............▒ ▒.▒.▒
.....'.▒
▒▒▒▒▒.▒▒.....▒ ▒....
.....▒▒▒
▒.▒▒▒▒.▒▒▒▒▒▒▒£▒
.....▒
▒.▒..?.(.......▒
.....▒
▒.▒.[..▒▒▒▒▒▒▒▒▒
.....▒ ▒....▒ ▒....▒
▒.......


You could see a scorpion (ally target) and 2 friendly crimson imps.


Message History

The scorpion stings you.
You are lethally poisoned!
The scorpion poisons you!
You barely miss the scorpion.
The scorpion is heavily wounded.
* * * LOW HITPOINT WARNING * * *
You feel very sick.
Your crimson imp closely misses the scorpion.
The scorpion stings you.
Unknown command.
You closely miss the scorpion. Your bite misses the scorpion.
The scorpion is heavily wounded.
* * * LOW HITPOINT WARNING * * *
You feel very sick.
Your crimson imp closely misses the scorpion.
The scorpion closely misses you.
Your crimson imp hits the scorpion but does no damage.
Unknown command.
You hit the scorpion.
The scorpion is heavily wounded.
* * * LOW HITPOINT WARNING * * *
You feel very sick. The scorpion stings you.
* * * LOW HITPOINT WARNING * * *
Your crimson imp closely misses the scorpion.
Your crimson imp barely misses the scorpion.
The scorpion stings you.
* * * LOW HITPOINT WARNING * * *
You die...

Action                   |  1- 3 |  4- 6 || total
-------------------------+-------+-------++-------
Melee: Dagger            |    14 |    64 ||    78
       Bite              |     2 |    17 ||    19
 Cast: Magic Dart        |    57 |       ||    57
       Call Imp          |    18 |    20 ||    38
 Stab: Sleeping          |     1 |     3 ||     4
Armor: Robe              |     5 |     7 ||    12
Dodge: Dodged            |    19 |    39 ||    58

Levels and vault maps discovered:
D:1:      dpeg_arrival_round_b, layout_basic, ebering_ecumenical_altar_box,
          lemuel_flame_loot_1
D:2:      layout_loops_ring
D:3:      layout_loops_corners, gammafunk_ghost_stat_death,
          chequers_serial_rivers_micro_d, minmay_pentomino_pile,
          uniq_crazy_yiuf_cottage
D:4:      layout_basic

Notes
Turn   | Place    | Note
-------+----------+-------------------------------------------
     0 | D:1      | sanka the Vine Stalker Hedge Wizard began the quest for the
                  | Orb.
     0 | D:1      | Reached XP level 1. HP: 9/9 MP: 5/5
   545 | D:1      | Reached XP level 2. HP: 13/13 MP: 1/7
   601 | D:1      | Learned a level 2 spell: Call Imp
   975 | D:1      | Found a faded altar of an unknown god.
  1467 | D:2      | Reached skill level 4 in Spellcasting
  1872 | D:2      | Reached skill level 2 in Summonings
  1872 | D:2      | Reached XP level 3. HP: 3/16 MP: 5/9
  3178 | D:3      | Found a transporter.
  3178 | D:3      | Noticed sanka's ghost (weakling SpFE)
  3183 | D:3      | Reached skill level 3 in Summonings
  3183 | D:3      | Gained mutation: Your natural rate of healing is unusually
                  | fast. [Vine Stalker growth]
  3183 | D:3      | Reached XP level 4. HP: 18/21 MP: 3/11
  3515 | D:3      | Found a transporter.
  3576 | D:3      | Found a runed translucent door.
  3577 | D:3      | Noticed Crazy Yiuf
  4432 | D:3      | Killed Crazy Yiuf
  4433 | D:3      | Reached skill level 1 in Fighting
  4433 | D:3      | Reached skill level 2 in Dodging
  4586 | D:4      | Noticed a scorpion
  4600 | D:4      | Killed a scorpion
  4601 | D:4      | Reached XP level 5. HP: 25/25 MP: 6/12
  4761 | D:4      | Learned a level 3 spell: Confusing Touch
  4801 | D:4      | Noticed a black bear
  4859 | D:4      | Killed a black bear
  4860 | D:4      | Reached skill level 2 in Hexes
  4961 | D:4      | HP: 2/25 [scorpion (1)]
  4962 | D:4      | Succumbed to a scorpion's poison

Vanquished Creatures
  An adder (D:2)
  A worm (D:3)
  4 orcs (D:3)
  4 bats
  An endoplasm (D:1)
  8 goblins
  8 hobgoblins
  A quokka (D:2)
  2 ball pythons
  6 frilled lizards
  3 kobolds
  6 rats
45 creatures vanquished.

Vanquished Creatures (collateral kills)
  A black bear (D:4)
  A scorpion (D:4)
  Crazy Yiuf (D:3)
  2 orc wizards
  An adder (D:2)
  A white imp (D:3)
  An adder skeleton (D:4)
  4 orcs
  A giant cockroach (D:1)
  A goblin (D:2)
14 creatures vanquished.

Vanquished Creatures (others)
  A rat (D:1)
1 creature vanquished.

Grand Total: 60 creatures vanquished
